 Dungeon Crawl Stone Soup version 0.30-a0-222-ge547ba4400 (webtiles) character file.

Game seed: 15695501511825414305

42 qw the Chopper (level 3, -7/23 HPs)
             Began as a Gargoyle Fighter on Oct 8, 2022.
             Mangled by Terence
             ... wielding a +0 falchion
              (9 damage)
             ... on level 3 of the Dungeon.
             The game lasted 00:00:38 (1582 turns).

qw the Chopper (Gargoyle Fighter)                   Turns: 1582, Time: 00:00:39

Health: -7/23      AC: 10    Str: 21    XL:     3   Next: 54%
Magic:  3/3        EV:  9    Int:  8    God:
Gold:   84         SH:  4    Dex:  9    Spells: 2/2 levels left

rFire   . . .      SeeInvis .    Y - +0 war axe
rCold   . . .      Faith    .    c - +0 buckler
rNeg    + . .      Spirit   .    b - +0 scale mail
rPois   inf        Reflect  .    (no helmet)
rElec   +          Harm     .    (no cloak)
rCorr   .          Rampage  .    (no gloves)
Will    .....                    (no boots)
Stlth   ..........               (no amulet)
HPRegen 0.23/turn                (no ring)
MPRegen 0.08/turn                (no ring)

@: no status effects
A: sickness immunity, AC +3, negative energy resistance 1, electricity
resistance, torment resistance 1, petrification resistance
a: no special abilities


You were on level 3 of the Dungeon.
You visited 1 branch of the dungeon, and saw 3 of its levels.

You collected 84 gold pieces.


Innate Abilities, Weirdness & Mutations

You are immune to sickness and miasma.
Your stone body is resilient. (AC +3)
You are immune to poison.
You resist negative energy. (rN+)
You are resistant to electric shocks. (rElec)
You are resistant to unholy torment.
You are immune to petrification.


   Skills:
 - Level 3.2 Fighting
 + Level 3.4 Axes
 - Level 3.2 Armour
 - Level 3.2 Shields


You had 2 spell levels left.
You didn't know any spells.
Your spell library was empty.

Inventory:

Hand Weapons
 h - a +0 whip
 Y - a +0 war axe (weapon)
Missiles
 j - 6 boomerangs (quivered)
Armour
 b - a +0 scale mail (worn)
 c - a +0 buckler (worn)
Jewellery
 e - a ring of fire
Scrolls
 l - a scroll of acquirement {unknown}
Potions
 a - a potion of resistance {unknown}
 d - a potion of might
 f - a potion of berserk rage
 g - a potion of attraction {unknown}
 i - a potion of magic {unknown}
 k - 2 potions of haste

Dungeon Overview and Level Annotations

Branches:
Dungeon (3/15)

Altars:

Annotations:
D:3 Terence


Message History

Are you sure you want to cancel this blink?
As you read the scroll labelled MIWORHAXOA, it crumbles to dust.
It was a scroll of blinking.
Done exploring.
1517 ||| DRINKING 3 grey potions.
It was a potion of haste.
You feel yourself speed up.
Done exploring.
(D) Dungeon
Where to? (* - list waypoints, Enter - D:2, ? - help)
What level of the Dungeon? (default 1, ? - help)
You see here a rat corpse.
There is a stone staircase leading down here.
You climb downwards.
There is a stone staircase leading up here.
Existing waypoints: (1) D:2 (2) D:1 Assign waypoint to what number? (0-9, D - delete waypoint) Waypoint 2 re-assigned from D:1 to D:3.
Your extra speed is starting to run out.
You now have 84 gold pieces (gained 10).
Found a stone staircase leading down.
You feel yourself slow down.
f - a ruby potion
l - a scroll labelled NOERODOUSH
Found a short sword.
Terence the Incautious comes into view.
He is wielding a +0 falchion.
Terence drinks a potion.
Terence goes berserk!
You see here a scroll labelled VADGHU KUWO.
Throw: 6 boomerangs
Press: ? - help, Q - select action Shift-Dir - straight line, f - Terence You throw a boomerang.
The boomerang closely misses Terence.
You closely miss Terence. Terence hits you with a +0 falchion! x2
You completely miss Terence. Terence hits you but does no damage.
Terence hits you with a +0 falchion.
You slash Terence!
Terence is moderately wounded.
Terence hits you but does no damage. Terence hits you with a +0 falchion.
Terence hits you with a +0 falchion!
You die...

##.7 # #..7 .###.
#..7 . ....
#..77777.#
...#####...77...#
#.#...........#
#........####.#
###.####.####.#
#@# #....#.###
#@# ####.....##
#.. ####...# ..#.
#####..# #.#.#
#.....>##. #)#
#####.###.....
#.# .....###.####
#.# #####...#.#
..........#


You could see Terence (berserk).

Vanquished Creatures
  An endoplasm (D:1)
  3 giant cockroaches (D:1)
  3 goblins
  5 hobgoblins (D:1)
  4 quokkas (D:1)
  4 ball pythons
  4 bats
  3 frilled lizards
  5 kobolds
  7 rats
39 creatures vanquished.

Vanquished Creatures (others)
  2 plants (D:1)
2 creatures vanquished.

Grand Total: 41 creatures vanquished

Notes
Turn   | Place    | Note
-------+----------+-------------------------------------------
     0 | D:1      | qw the Gargoyle Fighter began the quest for the Orb.
     0 | D:1      | Reached XP level 1. HP: 14/14 MP: 1/1
     0 | D:1      | 0 ||| qw: Version: 0.2-a-17-g79969f3
     0 | D:1      | 0 ||| qw: Game counter: 1975
     0 | D:1      | 0 ||| qw: Always use a shield: true
     0 | D:1      | 0 ||| qw: God list: Okawaru
     0 | D:1      | 0 ||| qw: Allow faded altars: false
     0 | D:1      | 0 ||| qw: Do Orc after D:15 true
     0 | D:1      | 0 ||| qw: Do second Lair branch before Depths: true
     0 | D:1      | 0 ||| qw: Lair rune preference: random
     0 | D:1      | 0 ||| qw: Plans: Normal, Zot:1-4, God:TSO, Crypt, Tomb,
                  | Pan, Slime:5, Hells, Abyss, Orb
     0 | D:1      | 0 ||| PLANNING D:1-11
   199 | D:1      | Reached XP level 2. HP: 19/19 MP: 2/2
   433 | D:1      | Reached skill level 3 in Axes
   540 | D:1      | Reached XP level 3. HP: 23/23 MP: 3/3
   560 | D:1      | Found a faded altar of an unknown god.
   905 | D:1      | 905 ||| DROPPING amulet of magic regeneration.
   906 | D:1      | 906 ||| READING scroll labelled OMALONEVUU.
   907 | D:1      | 907 ||| READING scroll labelled QEIWEWOSME.
   908 | D:1      | 908 ||| READING scroll labelled ZOR ZONADGHODY.
   995 | D:2      | 995 ||| Stepping ~*~*~tactically~*~*~ (stealth).
  1398 | D:2      | 1398 ||| Stepping ~*~*~tactically~*~*~ (stealth).
  1399 | D:2      | 1399 ||| Stepping ~*~*~tactically~*~*~ (stealth).
  1516 | D:2      | 1516 ||| READING scroll labelled MIWORHAXOA.
  1517 | D:2      | 1517 ||| DRINKING 3 grey potions.
  1578 | D:3      | Noticed Terence
  1581 | D:3      | HP: 3/23 [Terence/+0 falchion (4)]
  1582 | D:3      | Mangled by Terence

Levels and vault maps discovered:
D:1:      nicolae_arrival_washed_ashore, layout_loops_ring,
          hellmonk_ecumenical_altar_inner_sanctum, nrook_mini_vaults,
          st_stairs_12, chequers_serial_rivers_micro_c, serial_bayou_lagoon_a,
          minmay_misc_feat_tiny, minmay_tromino_i4
D:2:      layout_loops_cross, grunt_decor_junction, st_stairs_2
D:3:      layout_basic, mainiacjoe_overflow_brackets, nrook_campfire,
          minmay_liquid_box, uniq_terence

Skill      XL: |  1  2 |
---------------+-------+-----
Axes           | 2 3 |  3.4
Fighting       | |  3.2
Armour         | |  3.2
Shields        | |  3.2

Action                   || total
-------------------------++-------
Melee: War axe           ||   114
Throw: Boomerang         ||     1
  Use: Scroll            ||     4
       Potion            ||     1
Armor: Scale mail        ||    53
Dodge: Dodged            ||    47
Block: Buckler           ||    17

Table legend:
 A = Non-vault XP
 B = Vault XP
 C = Vault XP percentage of total XP
 D = Non-vault monster count
 E = Vault monster count
 F = Vault count percentage of total count
                 A         B        C        D         E       F
            +---------+---------+-------+---------+---------+-------
      Total |      49 |      11 |  18.3 |      32 |       7 |  17.9
            +---------+---------+-------+---------+---------+-------
        D:1 |      35 |       9 |  20.5 |      23 |       5 |  17.9
        D:2 |      14 |       2 |  12.5 |       9 |       2 |  18.2
            +---------+---------+-------+---------+---------+-------
